 Dungeon Crawl Stone Soup version 0.23.2-1-ga50397a (webtiles) character file.

Game seed: 12693256814905797555

66 Leeroy the Conjurer (level 3, -1/26 HPs)
             Began as a Draconian Conjurer on Apr 14, 2019.
             Slain by an adder (2 damage)
             ... on level 2 of the Dungeon.
             The game lasted 00:04:50 (1224 turns).

Leeroy the Conjurer (Draconian Conjurer)            Turns: 1224, Time: 00:04:51

Health: -1/26      AC:  6    Str: 10    XL:     3   Next: 96%
Magic:  6/6        EV: 12    Int: 16    God:
Gold:   128        SH:  0    Dex: 11    Spells: 0/6 levels left

rFire    . . .     SeeInvis .   l - +3 mace (holy)
rCold    . . .     Gourm    .   (no shield)
rNeg     . . .     Faith    .   (armour unavailable)
rPois    .         Spirit   .   (helmet restricted)
rElec    .         Reflect  .   c - +0 cloak
rCorr    .         Harm     .   (no gloves)
MR       .....                  (no boots)
Stlth    ++........             (no amulet)
HPRegen  0.08/turn              (no ring)
MPRegen  0.10/turn              (no ring)

@: no status effects
A: unfitting armour, cold-blooded, AC +5
a: no special abilities


You were on level 2 of the Dungeon.
You were not hungry.

You visited 1 branch of the dungeon, and saw 2 of its levels.

You collected 128 gold pieces.

Inventory:

Hand Weapons
 h - a +0 dagger
 i - a +0 short sword
 k - a +0 spear
 l - a +3 mace of holy wrath (weapon)
Missiles
 e - 32 arrows
 g - 59 stones (quivered)
Armour
 c - a +0 cloak (worn)
Jewellery
 f - a +1 ring of protection {unknown}
Scrolls
 a - 2 scrolls of remove curse {unknown}
 j - a scroll of teleportation {unknown}
Potions
 n - a potion of heal wounds {unknown}
Comestibles
 b - 5 rations
 d - 3 chunks of flesh


   Skills:
 + Level 1.8 Short Blades
 - Level 1.7 Dodging
 - Level 1.7 Stealth
 - Level 2.0 Spellcasting
 - Level 5.1 Conjurations


You couldn't memorise any spells.
You knew the following spells:

 Your Spells              Type           Power        Failure   Level  Hunger
a - Magic Dart            Conj           ###.         2%          1    #......
b - Searing Ray           Conj           ###...       3%          2    ###....
c - Dazzling Spray        Conj/Hex       #.....       22%         3    ###....

Your spell library contained the following spells:

 Spells                   Type           Power        Failure   Level  Hunger
 Iskenderun's Mystic Bla  Conj           ###.....     26%         4    #####..
 Force Lance              Conj/Tloc      #.......     58%         4    #####..
 Fulminant Prism          Conj/Hex       #.........   58%         4    #####..


Dungeon Overview and Level Annotations

Branches:
Dungeon (2/15)

Altars:
Xom


Innate Abilities, Weirdness & Mutations

Your plain brown scales are hard. (AC +5)
You cannot fit into any form of body armour.
You are cold-blooded and may be slowed by cold attacks.


Message History

The kobold hits you but does no damage.
You closely miss the kobold.
Your tail-slap misses the kobold.
The adder barely misses you. x3
The kobold hits you with a +0 short sword.
The adder closely misses you.
You closely miss the kobold. The adder misses you. The adder bites you.
The kobold closely misses you. The adder bites you but does no damage.
The adder barely misses you.
You completely miss the kobold. The adder bites you.
The kobold hits you with a +0 short sword.
* * * LOW HITPOINT WARNING * * *
The adder barely misses you. The adder bites you but does no damage.
The kobold misses you. The adder bites you.
* * * LOW HITPOINT WARNING * * *
You sock the kobold!
You kill the kobold!
The adder barely misses you.
The adder bites you but does no damage. x2
It was a potion of magic.
Magic courses through your body. The adder misses you.
The adder barely misses you. The adder bites you.
You die...

### ..#
#..........
..###
#..........
.....
+..........
..###
#.......... ..#
#####......._..
..#
#.....<........
..#
#....).SS......
..#
#......@.......
..#
#......).......
..# #.
#....##########
..# #.# #....#
..# #.# #....#
..# #.# #....#
..# #.###....#
..# #.##.....#
..####.##.#.###


You could see 2 adders.

Vanquished Creatures
  2 adders (D:2)
  A dart slug (D:1)
  An orc (D:2)
  9 bats
  3 giant cockroaches
  5 goblins
  4 hobgoblins
  5 jackals
  4 kobolds
  A ball python (D:1)
  2 frilled lizards
  6 rats
43 creatures vanquished.

Notes
Turn   | Place    | Note
-------+----------+-------------------------------------------
     0 | D:1      | Leeroy the Draconian Conjurer began the quest for the Orb.
     0 | D:1      | Reached XP level 1. HP: 14/14 MP: 3/3
   138 | D:1      | Reached XP level 2. HP: 20/20 MP: 0/5
   318 | D:1      | Learned a level 2 spell: Searing Ray
   494 | D:1      | Reached XP level 3. HP: 24/26 MP: 6/6
   499 | D:1      | Learned a level 3 spell: Dazzling Spray
   720 | D:1      | Reached skill level 5 in Conjurations
   953 | D:2      | Reached skill level 1 in Short Blades
  1215 | D:2      | Found a shimmering altar of Xom.
  1222 | D:2      | HP: 1/26 [adder (2)]
  1224 | D:2      | Slain by an adder

Skill      XL: |  1  2  3 |
---------------+----------+-----
Conjurations   | 5 |  5.1
Short Blades   | 1 |  1.8
Dodging        | |  1.7
Stealth        | |  1.7
Spellcasting   | |  2.0

Action                   || total
-------------------------++-------
Melee: Unarmed           ||    17
       Dagger            ||    26
       Short sword       ||    33
       Tailslap          ||    10
       Mace              ||    35
 Cast: Magic Dart        ||    39
  Use: Potion            ||     1
 Stab: Sleeping          ||     1
  Eat: Chunk             ||     2
Armor: Skin              ||    72
Dodge: Dodged            ||   136
